 Dungeon Crawl Stone Soup version 0.23-a0-622-g59b4ea9c50 (webtiles) character file.

148 Morenatsu the Magician (level 5, 0/38 HPs)
             Began as a Draconian Wizard on Dec 24, 2018.
             Killed from afar by an orc wizard (10 damage)
             ... with a puff of flame
             ... on level 3 of the Dungeon.
             The game lasted 00:06:08 (3080 turns).

Morenatsu the Magician (Draconian Wizard)           Turns: 3080, Time: 00:06:09

Health: 0/38       AC:  5    Str: 10    XL:     5   Next: 8%
Magic:  7/12       EV: 12    Int: 19    God:
Gold:   93         SH:  0    Dex:  9    Spells: 5/14 levels left

rFire    . . .     SeeInvis .   b - +0 short sword (venom)
rCold    . . .     Gourm    .   (no shield)
rNeg     . . .     Faith    .   (armour unavailable)
rPois    .         Spirit   .   a - +0 hat
rElec    .         Reflect  .   (no cloak)
rCorr    .         Harm     .   (no gloves)
MR       .....                  (no boots)
Stlth    ++........             (no amulet)
HPRegen  0.12/turn              (no ring)
MPRegen  0.13/turn              (no ring)

@: no status effects
A: unfitting armour, cold-blooded, AC +5
a: no special abilities


You were on level 3 of the Dungeon.
You were hungry.

You visited 1 branch of the dungeon, and saw 3 of its levels.

You collected 93 gold pieces.

Inventory:

Hand Weapons
 b - a +0 short sword of venom (weapon)
Armour
 a - a +0 hat (worn)
Scrolls
 d - a scroll of remove curse
Potions
 e - 2 potions of flight
 f - 2 potions of brilliance {unknown}
 g - 2 potions of mutation {unknown}
 i - a potion of heal wounds {unknown}
Comestibles
 c - 5 rations


   Skills:
 - Level 1.7 Dodging
 - Level 1.7 Stealth
 + Level 5.4 Spellcasting
 - Level 1.0 Conjurations
   Level 1.0 Summonings
 - Level 1.0 Translocations


You had 5 spell levels left.
You knew the following spells:

 Your Spells              Type           Power        Failure   Level  Hunger
a - Magic Dart            Conj           #...         8%          1    None
b - Mephitic Cloud        Conj/Pois/Air  #.......     30%         3    ##.....
c - Blink                 Tloc           N/A          12%         2    None
d - Conjure Flame         Conj/Fire      #.......     28%         3    ##.....

Your spell library contained the following spells:

 Spells                   Type           Power        Failure   Level  Hunger
 Call Imp                 Summ           #.......     12%         2    None
 Slow                     Hex            #.......     19%         2    None


Dungeon Overview and Level Annotations

Branches:
Dungeon (3/15)

Altars:
Cheibriados
Okawaru
Ru
Wu Jian


Innate Abilities, Weirdness & Mutations

Your plain brown scales are hard. (AC +5)
You cannot fit into any form of body armour.
You are cold-blooded and may be slowed by cold attacks.


Message History

A puff of flame appears from out of thin air!
The puff of flame hits you!
You bump into the rock wall.
Something hits you but does no damage.
You miss something. Something hits you but does no damage.
You miss something.
You feel less confused. Something completely misses you.
You closely miss something. Something hits you.
Your magical contamination has completely faded away.
You miss something.
You are feeling hungry.
Something hits you.
You barely miss something.
Your tail-slap misses something.
Something hits you.
* * * LOW HITPOINT WARNING * * *
Something hits you but does no damage.
You miss something.
You hear some strange, mumbled words.
A puff of flame appears from out of thin air!
The puff of flame hits you!
You die...

#### ...#### ###
##.##.. ..# #.##.#
#.# #.##.# #.#
##.##.# #.#
##.##.###### #.#
##.........# #.#
#####.####.# #@# #
#.####.#####.#
#####....†.)...(.#
...........#######
#########..# #
#..###### #
#.......#
#...####<# #.###
#.#


There were no monsters in sight!

Vanquished Creatures
  An orc priest (D:3)
  4 adders
  An ooze (D:1)
  2 worms (D:2)
  3 dart slugs
  3 leopard geckos
  5 orcs (D:3)
  2 giant cockroaches (D:2)
  6 goblins
  8 hobgoblins
  3 jackals (D:1)
  6 bats
  6 frilled lizards
  9 kobolds (D:1)
  4 rats
63 creatures vanquished.

Notes
Turn   | Place    | Note
-------+----------+-------------------------------------------
     0 | D:1      | Morenatsu the Draconian Wizard began the quest for the Orb.
     0 | D:1      | Reached XP level 1. HP: 14/14 MP: 4/4
   112 | D:1      | Reached XP level 2. HP: 10/20 MP: 0/6
   422 | D:1      | Reached skill level 4 in Spellcasting
   742 | D:1      | Reached XP level 3. HP: 25/26 MP: 8/8
  1048 | D:2      | Found an iron altar of Okawaru.
  1228 | D:2      | Learned a level 3 spell: Mephitic Cloud
  1231 | D:2      | Learned a level 2 spell: Blink
  1235 | D:2      | Learned a level 3 spell: Conjure Flame
  1473 | D:2      | Reached XP level 4. HP: 33/33 MP: 4/10
  1926 | D:2      | Found a snail-covered altar of Cheibriados.
  1926 | D:2      | Found an ornate altar of the Wu Jian Council.
  2335 | D:3      | Reached skill level 5 in Spellcasting
  2779 | D:3      | Found a sacrificial altar of Ru.
  2826 | D:3      | Reached XP level 5. HP: 38/38 MP: 6/12
  3080 | D:3      | Killed from afar by an orc wizard

Vault maps used:
D:1:      minmay_arrival_checkered_box, serial_curves, eino_curves_03,
          eino_curves_04, minmay_tree_intersection
D:2:      okawaru_ov_weapons_minmay, chequers_temple_overflow_statue_of_worship
D:3:      lemuel_crystal_altar, gammafunk_ghost_necromancy, wad_orctagon

Skill      XL: |  1  2  3  4 |
---------------+-------------+-----
Spellcasting   | 4 5 |  5.4
Dodging        | |  1.7
Stealth        | |  1.7
Conjurations   | |  1.0
Summonings     | |  1.0
Translocations | |  1.0

Action                   |  1- 3 |  4- 6 || total
-------------------------+-------+-------++-------
Melee: Spear             |     8 |       ||     8
       Whip              |     8 |       ||     8
       Tailslap          |     3 |     3 ||     6
       Short sword       |    82 |    62 ||   144
 Cast: Magic Dart        |    34 |    61 ||    95
       Mephitic Cloud    |       |     1 ||     1
  Use: Scroll            |     3 |     1 ||     4
 Stab: Sleeping          |     1 |     1 ||     2
  Eat: Chunk             |     1 |     2 ||     3
       Ration            |       |     1 ||     1
Armor: Skin              |    40 |    19 ||    59
Dodge: Dodged            |    86 |    40 ||   126

Table legend:
 A = Non-vault XP
 B = Vault XP
 C = Vault XP percentage of total XP
 D = Non-vault monster count
 E = Vault monster count
 F = Vault count percentage of total count
                 A         B        C        D         E       F
            +---------+---------+-------+---------+---------+-------
      Total |     212 |       0 |   0.0 |      63 |       0 |   0.0
            +---------+---------+-------+---------+---------+-------
        D:1 |      57 |       0 |   0.0 |      30 |       0 |   0.0
        D:2 |      68 |       0 |   0.0 |      17 |       0 |   0.0
        D:3 |      87 |       0 |   0.0 |      16 |       0 |   0.0
            +---------+---------+-------+---------+---------+-------
